 Dungeon Crawl Stone Soup version 0.29.0-4-gdea44cf6ec (webtiles) character file.

Game seed: 1779615733717002135

461 qw the Chopper (level 7, -4/41 HPs)
             Began as a Tengu Warper on Aug 28, 2022.
             Blown up by a gnoll (19 damage)
             ... with a mindburst bolt
             ... led by a gnoll bouda
             ... on level 4 of the Dungeon.
             The game lasted 00:00:26 (3990 turns).

qw the Chopper (Tengu Warper)                       Turns: 3990, Time: 00:00:26

Health: -4/41      AC: 10    Str: 13    XL:     7   Next: 7%
Magic:  11/11      EV:  7    Int: 13    God:
Gold:   209        SH:  0    Dex: 14    Spells: 10/10 levels left

rFire   . . .      SeeInvis .   a - +0 war axe
rCold   . . .      Faith    .   (no shield)
rNeg    . . .      Spirit   .   n - +0 chain mail
rPois   .          Reflect  .   (helmet restricted)
rElec   .          Harm     .   c - +1 cloak
rCorr   .          Rampage  .   (no gloves)
Will    .....                   (boots unavailable)
Stlth   ..........              (no amulet)
HPRegen 0.13/turn               (no ring)
MPRegen 0.12/turn               (no ring)

@: weakened, flying quickly and evasively, quick
A: beak, talons 3, nimble flight
a: no special abilities


You were on level 4 of the Dungeon.
You visited 1 branch of the dungeon, and saw 4 of its levels.

You collected 209 gold pieces.


Innate Abilities, Weirdness & Mutations

You have a beak for a mouth.
You have claws for feet.
Your magical nature lets you fly swiftly and evasively.


   Skills:
 - Level 3.1 Fighting
 + Level 7.3 Axes
 - Level 1.0 Throwing
 - Level 2.2 Armour
 - Level 2.1 Dodging
 - Level 2.0 Spellcasting
 - Level 2.4 Translocations


You had 10 spell levels left.
You didn't know any spells.
Your spell library contained the following spells:

 Spells                   Type           Power      Damage    Failure   Level
 Blink                    Tloc           14%        N/A       99%         2
 Gell's Gravitas          Tloc           7%         N/A       100%        3
 Lesser Beckoning         Tloc           7%         N/A       100%        3
 Teleport Other           Tloc           7%         N/A       100%        3
 Manifold Assault         Tloc           7%         N/A       100%        5

Inventory:

Hand Weapons
 a - a +0 war axe (weapon)
 f - a +0 whip
Missiles
 g - a boomerang (quivered)
Armour
 c - a +1 cloak (worn)
 n - a +0 chain mail (worn)
Scrolls
 b - a scroll of identify
 e - a scroll of enchant armour {unknown}
Potions
 d - a potion of haste {unknown}
 h - 3 potions of curing
 j - a potion of might
 k - a potion of heal wounds
 o - a potion of magic {unknown}

Dungeon Overview and Level Annotations

Branches:
Dungeon (4/15)
 Temple: D:4-7

Altars:

Shops:
D:2 =


Message History

You hit the gnoll but do no damage.
The gnoll is heavily wounded.
The gnoll barely misses you.
The gnoll throws a stone.
The stone hits you but does no damage. The gnoll hits you but does no damage.
A dart slug comes into view.
You hit the gnoll. Your kick misses the gnoll.
The gnoll is almost dead.
The gnoll hits you but does no damage. x2
You hit the gnoll.
You kill the gnoll!
You hit the gnoll. The gnoll barely misses you.
The gnoll hits you but does no damage.
A gnoll comes into view.
It is wielding a +0 club and carrying a wand of mindburst (19).
The gnoll shouts!
You slash the gnoll!
You kill the gnoll!
A gnoll bouda comes into view. It is wielding a +0 whip.
A jelly comes into view.
The gnoll hits you from afar with a +0 spear.
The jelly quivers.
The goblin closely misses you. The gnoll hits you but does no damage.
Items here: $ ( )).
You barely miss the gnoll. You claw the gnoll.
You punch the gnoll, but do no damage.
The gnoll is lightly wounded.
You slash the goblin!
You kill the goblin!
The gnoll hits you but does no damage.
You barely miss the gnoll. Your peck misses the gnoll.
The gnoll is lightly wounded.
The gnoll hits you but does no damage.
You hit the gnoll but do no damage.
The gnoll is lightly wounded.
The gnoll hits you but does no damage.
The gnoll bouda barks out a call to the hunt!
The gnolls pick up the pace!
The gnoll bouda gazes fiercely through you!
You feel your attacks grow feeble.
The gnoll zaps a wand.
Your mind is blasted!
You die...

............##.#.............
............##...###.........
............##..#####........
.....##.....###.##........###
...........## #.##.########
%............##.#..#
..#........#......## ### ..
......#...##... # .
###...)@....... #
.......ggw..... ###
.......gJ...... ....
............... ....
............... .###
.......[....... ##
...............
...............


You could see a gnoll bouda, a jelly, 2 gnolls and a dart slug.

Vanquished Creatures
  Grinder (D:3)
  A jelly (D:4)
  2 orc priests (D:4)
  3 gnolls (D:4)
  7 adders
  2 worms
  6 orcs
  8 endoplasms
  8 giant cockroaches
  4 goblins
  5 hobgoblins
  6 kobolds
  8 quokkas
  8 ball pythons
  5 bats
  5 frilled lizards
  7 rats
86 creatures vanquished.

Notes
Turn   | Place    | Note
-------+----------+-------------------------------------------
     0 | D:1      | qw the Tengu Warper began the quest for the Orb.
     0 | D:1      | Reached XP level 1. HP: 12/12 MP: 4/4
     0 | D:1      | 0 ||| qw: Version: 0.1-a-89-g26bdef1
     0 | D:1      | 0 ||| qw: Game counter: 324
     0 | D:1      | 0 ||| qw: Always use a shield: true
     0 | D:1      | 0 ||| qw: God list: Okawaru
     0 | D:1      | 0 ||| qw: Allow faded altars: false
     0 | D:1      | 0 ||| qw: Do Orc after D:15 true
     0 | D:1      | 0 ||| qw: Do second Lair branch before Depths: true
     0 | D:1      | 0 ||| qw: Lair rune preference: random
     0 | D:1      | 0 ||| qw: Plans: Normal
     0 | D:1      | 0 ||| PLANNING D:1-11
    69 | D:1      | Reached XP level 2. HP: 16/17 MP: 6/6
    81 | D:1      | Reached skill level 3 in Axes
    82 | D:1      | 82 ||| Stepping ~*~*~tactically~*~*~ (stealth).
    83 | D:1      | 83 ||| Stepping ~*~*~tactically~*~*~ (stealth).
    85 | D:1      | 85 ||| Stepping ~*~*~tactically~*~*~ (stealth).
   330 | D:1      | 330 ||| Stepping ~*~*~tactically~*~*~ (stealth).
   706 | D:1      | Reached XP level 3. HP: 18/21 MP: 7/7
   989 | D:1      | Found a faded altar of an unknown god.
   996 | D:1      | 996 ||| UPGRADING to +0 ring mail.
  1006 | D:1      | 1006 ||| DROPPING +0 leather armour.
  1007 | D:1      | 1007 ||| DROPPING ring of flight.
  1008 | D:1      | 1008 ||| READING scroll labelled JEGIMO MEURGH.
  1009 | D:1      | 1009 ||| DRINKING 2 orange potions.
  1010 | D:1      | 1010 ||| DROPPING scroll of blinking.
  1048 | D:2      | 1048 ||| Stepping ~*~*~tactically~*~*~ (stealth).
  1063 | D:2      | Reached skill level 4 in Axes
  1088 | D:2      | 1088 ||| FLEEEEING.
  1089 | D:2      | 1089 ||| FLEEEEING.
  1090 | D:2      | 1090 ||| FLEEEEING.
  1093 | D:2      | 1093 ||| STAIRDANCE
  1154 | D:2      | 1154 ||| Stepping ~*~*~tactically~*~*~ (stealth).
  1224 | D:2      | 1224 ||| FLEEEEING.
  1225 | D:2      | 1225 ||| FLEEEEING.
  1226 | D:2      | 1226 ||| FLEEEEING.
  1227 | D:2      | 1227 ||| FLEEEEING.
  1235 | D:2      | Found Wacapec's Jewellery Emporium.
  1236 | D:2      | 1236 ||| FLEEEEING.
  1237 | D:2      | 1237 ||| FLEEEEING.
  1241 | D:2      | 1241 ||| FLEEEEING.
  1242 | D:2      | 1242 ||| FLEEEEING.
  1243 | D:2      | 1243 ||| FLEEEEING.
  1244 | D:2      | 1244 ||| FLEEEEING.
  1245 | D:2      | 1245 ||| FLEEEEING.
  1246 | D:2      | 1246 ||| FLEEEEING.
  1247 | D:2      | 1247 ||| STAIRDANCE
  1350 | D:1      | 1350 ||| READING scroll labelled BEJAYG AVYANU.
  1403 | D:2      | Reached XP level 4. HP: 25/26 MP: 8/8
  1523 | D:2      | 1523 ||| SHOPLISTING +4 ring of evasion (396 gold, have
                  | 84).
  1523 | D:2      | 1523 ||| SHOPLISTING +4 ring of protection (396 gold, have
                  | 84).
  1523 | D:2      | 1523 ||| SHOPLISTING +6 ring of dexterity (396 gold, have
                  | 84).
  1523 | D:2      | 1523 ||| SHOPLISTING ring of poison resistance (220 gold,
                  | have 84).
  1575 | D:2      | Reached skill level 5 in Axes
  2148 | D:2      | 2148 ||| UPGRADING to +0 scale mail.
  2158 | D:2      | 2158 ||| DROPPING +0 ring mail.
  2159 | D:2      | 2159 ||| UPGRADING to +0 chain mail.
  2169 | D:2      | 2169 ||| DROPPING +0 scale mail.
  2170 | D:2      | 2170 ||| READING 2 scrolls labelled HAIPEKHLAHA.
  2171 | D:2      | 2171 ||| DRINKING 2 fuming dark potions.
  2172 | D:2      | 2172 ||| DRINKING 2 purple potions.
  2173 | D:2      | 2173 ||| DRINKING 2 coppery potions.
  2174 | D:2      | 2174 ||| READING 2 scrolls of identify.
  2174 | D:2      | 2174 ||| IDENTIFYING fuming black potion
  2175 | D:2      | 2175 ||| DROPPING potion of brilliance.
  2176 | D:2      | 2176 ||| DROPPING scroll of poison.
  2177 | D:2      | 2177 ||| DROPPING potion of flight.
  2178 | D:2      | 2178 ||| Stepping randomly (stuck).
  2179 | D:2      | 2179 ||| Stepping ~*~*~tactically~*~*~ (cloud).
  2183 | D:2      | HP: 6/26 [poisoned by you (poison gas)]
  2545 | D:3      | 2545 ||| SWAPPING to +0 war axe.
  2550 | D:3      | 2550 ||| DROPPING +0 hand axe.
  2551 | D:3      | Noticed Grinder
  2552 | D:3      | 2552 ||| Stepping ~*~*~tactically~*~*~ (hiding).
  2555 | D:3      | 2555 ||| Stepping ~*~*~tactically~*~*~ (hiding).
  2564 | D:3      | Killed Grinder
  2565 | D:3      | Reached skill level 7 in Axes
  2565 | D:3      | Gained mutation: Your magical nature lets you fly swiftly
                  | and evasively. [Tengu growth]
  2565 | D:3      | Reached XP level 5. HP: 9/30 MP: 9/9
  2565 | D:3      | Reached XP level 6. HP: 11/35 MP: 10/10
  2795 | D:3      | 2795 ||| Stepping ~*~*~tactically~*~*~ (stealth).
  2796 | D:3      | 2796 ||| Stepping ~*~*~tactically~*~*~ (stealth).
  2829 | D:3      | 2829 ||| Stepping ~*~*~tactically~*~*~ (stealth).
  3250 | D:3      | 3250 ||| READING 3 scrolls of identify.
  3250 | D:3      | 3250 ||| IDENTIFYING fizzy pink potion
  3251 | D:3      | 3251 ||| READING 2 scrolls of identify.
  3251 | D:3      | 3251 ||| IDENTIFYING inky potion
  3252 | D:3      | 3252 ||| DROPPING potion of invisibility.
  3253 | D:3      | 3253 ||| DROPPING potion of attraction.
  3283 | D:4      | 3283 ||| STAIRDANCE
  3431 | D:4      | 3431 ||| Stepping ~*~*~tactically~*~*~ (hiding).
  3433 | D:4      | 3433 ||| Stepping ~*~*~tactically~*~*~ (hiding).
  3448 | D:4      | 3448 ||| FLEEEEING.
  3449 | D:4      | 3449 ||| FLEEEEING.
  3451 | D:4      | 3451 ||| FLEEEEING.
  3452 | D:4      | 3452 ||| FLEEEEING.
  3453 | D:4      | 3453 ||| STAIRDANCE
  3639 | D:3      | 3639 ||| UPGRADING to +1 cloak.
  3649 | D:4      | 3649 ||| FLEEEEING.
  3650 | D:4      | 3650 ||| STAIRDANCE
  3756 | D:4      | 3756 ||| STAIRDANCE
  3762 | D:4      | 3762 ||| STAIRDANCE
  3877 | D:4      | Reached skill level 3 in Fighting
  3879 | D:4      | 3879 ||| DROPPING +0 club.
  3887 | D:4      | 3887 ||| Stepping ~*~*~tactically~*~*~ (hiding).
  3888 | D:4      | 3888 ||| Stepping ~*~*~tactically~*~*~ (hiding).
  3889 | D:4      | 3889 ||| Stepping ~*~*~tactically~*~*~ (hiding).
  3891 | D:4      | 3891 ||| Stepping ~*~*~tactically~*~*~ (hiding).
  3983 | D:4      | Reached XP level 7. HP: 16/41 MP: 11/11
  3990 | D:4      | Blown up by a gnoll

Levels and vault maps discovered:
D:1:      minmay_arrival_five_plusses, layout_rooms,
          dilly_ecumenical_altar_fadedgnrine
D:2:      layout_loops_ring, serial_shops, nicolae_shop_stone,
          minmay_fountain_box
D:3:      layout_basic, minmay_misc_feat_chi, minmay_between, uniq_grinder
D:4:      layout_rooms, serial_shops, nicolae_shop_crystal

Skill      XL: |  1  2  3  4  5  6 |
---------------+-------------------+-----
Axes           | 3 4 7 |  7.3
Armour         | 2 |  2.2
Fighting       | 3 |  3.1
Throwing       | |  1.0
Dodging        | |  2.1
Spellcasting   | |  2.0
Translocations | |  2.4

Action                   |  1- 3 |  4- 6 |  7- 9 || total
-------------------------+-------+-------+-------++-------
Melee: Hand axe          |   108 |    32 |       ||   140
       Kick              |    15 |    33 |     1 ||    49
       Peck              |    13 |    14 |       ||    27
       War axe           |       |    68 |     7 ||    75
       Punch             |       |     2 |     1 ||     3
Throw: Boomerang         |     7 |    56 |       ||    63
  Use: Scroll            |     2 |     4 |       ||     6
       Potion            |     1 |     3 |       ||     4
Armor: Leather armour    |    12 |       |       ||    12
       Ring mail         |    14 |    11 |       ||    25
       Chain mail        |       |    25 |     9 ||    34
Dodge: Dodged            |    58 |    33 |     3 ||    94

Table legend:
 A = Non-vault XP
 B = Vault XP
 C = Vault XP percentage of total XP
 D = Non-vault monster count
 E = Vault monster count
 F = Vault count percentage of total count
                 A         B        C        D         E       F
            +---------+---------+-------+---------+---------+-------
      Total |     386 |     273 |  41.4 |      82 |       4 |   4.7
            +---------+---------+-------+---------+---------+-------
        D:1 |      42 |       0 |   0.0 |      26 |       0 |   0.0
        D:2 |      90 |       0 |   0.0 |      23 |       0 |   0.0
        D:3 |      32 |     273 |  89.5 |      13 |       4 |  23.5
        D:4 |     222 |       0 |   0.0 |      20 |       0 |   0.0
            +---------+---------+-------+---------+---------+-------
